 Dungeon Crawl Stone Soup version 0.17-a0-528-gc205fd0 (webtiles) character file.

215 Pikaro the Charlatan (level 5, -2/39 HPs)
             Began as a Demigod Artificer on Apr 12, 2015.
             Shot with a bolt by a big kobold (10 damage)
             ... in a sewer.
             The game lasted 00:05:26 (3205 turns).

Pikaro the Charlatan (Demigod Artificer)            Turns: 3205, Time: 00:05:26

Health: -2/39      AC:  7    Str: 16    XL:     5   Next: 34%
Magic:  11/11      EV: 12    Int: 16    God:
Gold:   80         SH:  0    Dex: 16    Spells: 0 memorised, 4 levels left

rFire  . . .     SeeInvis .     a - +0 short sword
rCold  . . .     Clarity  .     e - +1 leather armour
rNeg   . . .     SustAb   +     (no shield)
rPois  .         Gourm    .     (no helmet)
rElec  .         Spirit   .     (no cloak)
rCorr  .         Warding  .     (no gloves)
rMut   .         Stasis   .     m - +2 pair of boots
MR     .....                    (no amulet)
Stlth  +.........               (no ring)
                                (no ring)

@: lethally poisoned (-2 -> -3), not resistant to hostile enchantments, very
unstealthy
A: high mp 1, sustain abilities
a: no special abilities


You were in a sewer.
You were not hungry.

You visited 1 branch of the dungeon, and saw 3 of its levels.
You also visited: Sewer.

You collected 80 gold pieces.

Inventory:

Hand weapons
 a - a +0 short sword (weapon)
 o - a +0 blowgun
   (You took it off a kobold in a sewer)
Missiles
 p - 14 poisoned needles
Armour
 e - a +1 leather armour (worn)
 m - a +2 pair of boots (worn)
   (You found it on level 3 of the Dungeon)
Magical devices
 b - a wand of flame (15)
 c - a wand of enslavement (15)
 d - a wand of random effects (15)
Scrolls
 g - a scroll of enchant armour
 i - a scroll of magic mapping {unknown}
 l - a scroll of remove curse {unknown}
 q - a scroll of teleportation {unknown}
Potions
 j - a potion of might {unknown}
 k - a potion of restore abilities
Comestibles
 n - a meat ration


   Skills:
 - Level 0.8 Fighting
 + Level 3.6 Short Blades
 - Level 1.7 Dodging
 - Level 0.8 Stealth
 + Level 4.4 Evocations


You had 4 spell levels left.
You didn't know any spells.

Dungeon Overview and Level Annotations

Branches:
Dungeon (3/15)


Innate Abilities, Weirdness & Mutations

You have an increased reservoir of magic (+10% MP).
Your attributes are resistant to harm.


Message History

You hit the big kobold. The big kobold barely misses you.
You hit the big kobold but do no damage.
The big kobold barely misses you.
You hit the big kobold.
You kill the big kobold!
You hear a splash.
You have reached level 5!
You regained 3 hp, and now have 28/39 hp.
You enter the shallow water.
Moving in this stuff is going to be slow. a dagger; a stone You start resting.
Health restored: 39; MP restored: 11; Total turns waited: 78 You see here a stone.
You enter the shallow water.
Moving in this stuff is going to be slow.
You see here 3 stones.
You enter the shallow water.
Moving in this stuff is going to be slow.
You enter the shallow water.
Moving in this stuff is going to be slow.
You enter the shallow water.
Moving in this stuff is going to be slow.
You enter the shallow water.
Moving in this stuff is going to be slow.
You enter the shallow water.
Moving in this stuff is going to be slow.
You enter the shallow water.
Moving in this stuff is going to be slow.
An adder and a big kobold come into view.
The big kobold unwields an uncursed whip of electrocution.
It stops crackling.
The big kobold wields a hand crossbow.
The big kobold shoots a bolt.
The bolt misses you.
You see here a bolt.
You enter the shallow water.
Moving in this stuff is going to be slow.
The big kobold shoots a bolt.
The bolt hits you.
You hear a splash.
You see here a bolt.
You take 6 damage, and have 33/39 hp.
The adder bites you but does no damage. The adder misses you.
You hit the adder. The adder closely misses you.
You hit the adder. The adder bites you.
You take 1 damage, and have 32/39 hp.
Your unstable footing causes you to fumble your attack.
The adder bites you.
You take 2 damage, and have 30/39 hp.
You hit the adder. The adder bites you but does no damage.
Your unstable footing causes you to fumble your attack.
The adder barely misses you.
Your unstable footing causes you to fumble your attack.
The adder barely misses you. x2
You miss the adder. The adder completely misses you.
You closely miss the adder. The adder misses you.
Your unstable footing causes you to fumble your attack.
The adder barely misses you.
Your unstable footing causes you to fumble your attack.
The adder closely misses you. x2
Your unstable footing causes you to fumble your attack.
The adder misses you.
You barely miss the adder. The adder barely misses you.
Your unstable footing causes you to fumble your attack.
The adder bites you.
You are poisoned.
The adder poisons you!
You take 5 damage, and have 26/39 hp.
You closely miss the adder.
You feel sick. The adder closely misses you.
You take 1 damage, and have 25/39 hp.
Your unstable footing causes you to fumble your attack.
The adder misses you.
Your unstable footing causes you to fumble your attack.
You feel sick. The adder barely misses you.
Your unstable footing causes you to fumble your attack.
The adder closely misses you. The adder bites you but does no damage.
You miss the adder. The adder bites you but does no damage.
You barely miss the adder. The adder barely misses you.
You hit the adder.
You kill the adder!
You feel sick.
The big kobold shoots a bolt.
The bolt hits you!
You take 8 damage, and have 17/39 hp.
MASSIVE DAMAGE!!
HP at 43%!
The big kobold unwields an uncursed hand crossbow.
The big kobold wields an uncursed whip of electrocution.
You hear the crackle of electricity.
The big kobold hits you with an uncursed whip of electrocution!
* * * LOW HITPOINT WARNING * * *
You see here an adder corpse.
You take 7 damage, and have 10/39 hp.
Your unstable footing causes you to fumble your attack.
The big kobold hits you with an uncursed whip of electrocution.
* * * LOW HITPOINT WARNING * * *
You take 2 damage, and have 8/39 hp.
HP at 20%!
Drink which item? (? for menu, Esc to quit)
Okay, then.
The big kobold unwields an uncursed whip of electrocution.
It stops crackling.
The big kobold wields an uncursed hand crossbow.
The big kobold shoots a bolt.
The bolt hits you!
You die...

∩..≈.≈≈≈#
....≈≈≈≈#
..≈.≈.≈≈##
....≈..≈.## #####
.≈.≈##.≈≈≈####≈≈≈≈
..≈####.≈≈≈.≈≈.#
≈..# #≈≈≈≈≈≈..#
###### ≈≈≈
##≈≈.≈≈≈≈###.≈≈≈.#
≈≈ #######((@†K# #
#####≈≈≈≈.# ######


You could see a big kobold.

Vanquished Creatures
  A big kobold (Sewer)
  Ijyb (D:2)
  5 adders
  3 worms
  2 giant geckos
  An ooze (Sewer)
  4 ball pythons
  4 bats
  4 hobgoblins
  8 jackals
  7 kobolds
  A quokka (D:2)
  5 giant cockroaches
  6 giant newts
  2 goblins (D:2)
  12 rats
66 creatures vanquished.

Notes
Turn   | Place    | Note
--------------------------------------------------------------
     0 | D:1      | Pikaro, the Demigod Artificer, began the quest for the Orb.
     0 | D:1      | Reached XP level 1. HP: 15/15 MP: 5/5
     4 | D:1      | Reached skill level 1 in Short Blades
   214 | D:1      | Reached skill level 3 in Evocations
   457 | D:1      | Reached XP level 2. HP: 17/22 MP: 6/6
  1093 | D:2      | Noticed Ijyb
  1136 | D:2      | Killed Ijyb
  1136 | D:2      | Reached skill level 2 in Short Blades
  1136 | D:2      | Reached XP level 3. HP: 12/27 MP: 6/8
  1588 | D:2      | HP: 6/27 [adder (2)]
  2056 | D:2      | Reached XP level 4. HP: 20/34 MP: 9/9
  2331 | D:3      | Found a glowing drain.
  2377 | D:3      | Reached skill level 3 in Short Blades
  2396 | Sewer    | Entered a sewer
  2499 | Sewer    | Reached skill level 4 in Evocations
  2980 | Sewer    | Noticed a big kobold
  3043 | Sewer    | HP: 7/34 [big kobold/dagger (5)]
  3064 | Sewer    | Killed a big kobold
  3064 | Sewer    | Reached XP level 5. HP: 28/39 MP: 9/11
  3180 | Sewer    | Noticed a big kobold
  3204 | Sewer    | HP: 8/39 [big kobold/uncursed whip of electrocution (2)]
  3205 | Sewer    | Shot with a bolt by a big kobold

Action                   |  1- 3 |  4- 6 || total
-------------------------+-------+-------++-------
Melee: Short sword       |   219 |   208 ||   427
  Use: Scroll            |     3 |       ||     3
       Potion            |     1 |     2 ||     3
 Stab: Sleeping          |     2 |     1 ||     3
  Eat: Chunk             |     3 |     2 ||     5
       Bread ration      |       |     1 ||     1

Vault maps used:
D:1:      dpeg_arrival_ratfight
D:2:      uniq_iyjb
D:3:      gup_sewer_entry_glass
Sewer:    sewer_co_tree

Table legend:
 A = Turns spent in this place as a percentage of turns spent in the entire game.
 B = Non-inter-level travel turns spent in this place as a percentage of non-inter-level travel turns spent in the entire game.
 C = Inter-level travel turns spent in this place as a percentage of turns spent in this place.
 D = Turns resting spent in this place as a percentage of non-inter-level travel turns spent in this place.
 E = Turns spent auto-exploring this place as a percentage of non-inter-level travel turns spent in this place.
 F = Non-inter-level travel turns spent in this place divided by the number of levels of this place that you've seen.
                   A       B       C       D       E      F
               +-------+-------+-------+-------+-------+----------------------
         Total | 100.0 | 100.0 |   0.2 |   6.0 |   5.7 | 210.0
       Dungeon |  72.6 |  72.5 |   0.3 |   5.7 |   6.2 | 203.0
         Sewer |  27.4 |  27.5 |   0.0 |   6.5 |   4.3 | 231.0
               +-------+-------+-------+-------+-------+----------------------

Table legend:
 A = Kills in this place as a percentage of kills in entire the game.
 B = Kills by you in this place as a percentage of kills by you in the entire game.
 C = Kills by friends in this place as a percentage of kills by friends in the entire game.
 D = Other kills in this place as a percentage of other kills in the entire game.
 E = Experience gained in this place as a percentage of experience gained in the entire game.
 F = Experience gained in this place divided by the number of levels of this place that you have seen.
                   A       B       C       D       E      F
               +-------+-------+-------+-------+-------+----------------------
         Total | 100.0 | 100.0 |  -nan |  -nan | 100.0 |  77.0
       Dungeon |  81.8 |  81.8 |  -nan |  -nan |  52.3 |  53.7
         Sewer |  18.2 |  18.2 |  -nan |  -nan |  47.7 | 147.0
               +-------+-------+-------+-------+-------+----------------------
